 Dungeon Crawl Stone Soup version 0.26-a0-639-g72c4674329 (webtiles) character file.

Game seed: 5369987523274732183

3679 aMcNicky the Insei (level 10, -4/68 HPs)
             Began as an Octopode Transmuter on Sept 26, 2020.
             Was an Initiate of Ashenzari.
             Slain by an orc warrior
             ... wielding a +0 short sword
              (14 damage)
             ... on level 7 of the Dungeon.
             The game lasted 00:41:33 (11830 turns).

aMcNicky the Insei (Octopode Transmuter)           Turns: 11830, Time: 00:41:33

Health: -4/68      AC:  2    Str: 11    XL:     10   Next: 13%
Magic:  9/14       EV: 25    Int: 18    God:    Ashenzari [......]
Gold:   404        SH:  0    Dex: 17    Spells: 1/15 levels left

rFire    . . .     SeeInvis .     - Unarmed
rCold    . . .     Faith    .   (shield currently unavailable)
rNeg     + . .     Spirit   .   (helmet currently unavailable)
rPois    x         Reflect  .   (no amulet)
rElec    .         Harm     .   N - ring of positive energy (curse)
rCorr    .         Rampage  .   (no ring)
MR       .....                  (no ring)
Stlth    ++........             (no ring)
HPRegen  0.21/turn              (no ring)
MPRegen  0.14/turn              (no ring)
                                (no ring)
                                (no ring)

@: spider-form
A: tiny, almost no armour, stealthy swim, (amphibious), 8 rings, (constrict 8)
a: End Transformation, Curse Item, Renounce Religion


You were on level 7 of the Dungeon.
You worshipped Ashenzari.
Ashenzari was noncommittal.
You were a venomous arachnid creature.
You visited 1 branch of the dungeon, and saw 7 of its levels.
You also visited: Ossuary.

You collected 404 gold pieces.


Innate Abilities, Weirdness & Mutations

You cannot wear most types of armour.
You are very stealthy in the water. (Stealth+)
((You are amphibious.))
You can wear up to eight rings at the same time.
((You can use your tentacles to constrict eight enemies at once.))
((Your skin changes colour to match your surroundings (Stealth+).))
((Your rubbery body absorbs attacks. (AC +1, EV +1)))


   Skills:
 + Level 6.0 Fighting
 + Level 7.0 Dodging
 - Level 7.0 Unarmed Combat
 - Level 3.0 Spellcasting
 - Level 3.0 Summonings
 - Level 5.0 Transmutations
 * Level 4.9 Ice Magic
 + Level 4.2 Poison Magic
 + Level 1.3 Evocations


You had one spell level left.
You knew the following spells:

 Your Spells              Type           Power        Failure   Level
a - Olgreb's Toxic Radia  Pois           ###.....     50%         4
c - Call Imp              Summ           ##......     19%         2
e - Beastly Appendage     Tmut           ###...       8%          1
i - Spider Form           Tmut/Pois      ###.......   21%         3
o - Ice Form              Ice/Tmut       ###.....     43%         4

Your spell library contained the following spells:

 Spells                   Type           Power        Failure   Level
 Sting                    Tmut/Pois      ###.         10%         1
 Magic Dart               Conj           #...         34%         1
 Wereblood                Tmut           ###.....     11%         2
 Poisonous Vapours        Pois/Air       ##....       26%         2
 Ignite Poison            Fire/Tmut/Pois ##......     32%         3
 Blink                    Tloc           N/A          45%         2
 Slow                     Hex            #.......     45%         2
 Mephitic Cloud           Conj/Pois/Air  #.......     50%         3
 Conjure Flame            Conj/Fire      #.......     65%         3
 Blade Hands              Tmut           ###.......   71%         5

Inventory:

Hand Weapons
 b - a +0 hunting sling
 w - the +8 great mace of Ifeth {flame, rElec rN+ MR++ Int+2}
   (You found it on level 7 of the Dungeon)

   It has been specially enchanted to burn those struck by it, causing extra
   injury to most foes and up to half again as much damage against particularly
   susceptible opponents.
   It affects your intelligence (+2).
   It insulates you from electricity.
   It protects you from negative energy.
   It affects your resistance to hostile enchantments.
Missiles
 a - 168 stones (quivered)
 m - 5 javelins
Armour
 v - the +18 shield of the Gong {rElec rN+ MR+ EV-5}
   (You found it on level 5 of the Dungeon)

   It affects your evasion (-5).
   It insulates you from electricity.
   It protects you from negative energy.
   It affects your resistance to hostile enchantments.
Magical Staves
 s - an uncursed staff of conjuration {!a}
Jewellery
 N - a cursed ring of positive energy (left front leg)
Wands
 t - a wand of polymorph (10)
Scrolls
 c - a scroll of random uselessness {unknown}
 f - 10 scrolls of remove curse {@r2}
 i - 2 scrolls of amnesia {unknown}
 j - 2 scrolls of enchant weapon
 k - a scroll of magic mapping
 n - a scroll of blinking {unknown}
 p - 4 scrolls of teleportation {@r4}
 u - a scroll of vulnerability {unknown}
 x - a scroll of enchant armour {unknown}
Potions
 d - a potion of degeneration {unknown}
 g - a potion of mutation {unknown}
 h - 3 potions of curing {@q1}
 l - 5 potions of brilliance
 o - 2 potions of resistance
 q - 2 potions of lignification {unknown}
Miscellaneous
 y - a condenser vane (1/2)

Dungeon Overview and Level Annotations

Branches:
Dungeon (7/15)             Temple (0/1) D:7         Ossuary (visited)

Altars:
Ashenzari
Dithmenos
Elyvilon
Kikubaaqudgha
Sif Muna
Yredelemnul

Annotations:
D:3 exclusion: 2 downstairs
D:5 5 runed translucent doors
D:7 2 transporters, exclusion: ugly thing, Menkaure

#..## #.###..#.###.###.#...#* *
...# #.# ##.#.# #.......##,# *
##.# #.# #.#.# #####....#.# *
##'## #.####.#.# *#.#.#.# *
#...## #.......[# *#...#* *
.....######..)..# ####.###***
......## #...#.# #......▓*,,
.......####...#.#######.#..(▓▓,,,
.......'))......so.)........▓,,,,
.......####.....#######.#.......⚑
......## #..#..# #.#..#▓....
....[## #.....# #.#.##**...
#...## ####.## #.#.#*,**.. ##'##
#.# #>#.#*,***▓ #.###########.#
#....,,* #.##........#.# ###.#***
##.##.....,..#.# ****,*****


You could see an orc warrior (extremely poisoned).


Message History

The orc warrior hits you with a +0 short sword!
* * * LOW HITPOINT WARNING * * *
You barely miss the orc warrior. You completely miss the orc warrior.
The orc warrior hits you with a +0 short sword.
* * * LOW HITPOINT WARNING * * *
You hit the orc warrior.
The orc warrior looks as sick as possible!
The orc warrior is lightly wounded.
The orc warrior misses you.
You hit the orc warrior but do no damage.
The orc warrior is lightly wounded.
The orc warrior completely misses you.
You hit the orc warrior.
The orc warrior looks as sick as possible!
The orc warrior is moderately wounded.
The orc warrior hits you with a +0 short sword!
* * * LOW HITPOINT WARNING * * *
It was a potion of might.
You feel very mighty all of a sudden.
The orc warrior hits you but does no damage.
Your magical effects are unravelling.
You feel magically purged.
Your transformation has ended.
You feel a little less mighty now. The orc warrior misses you.
Casting: Spider Form (dangerous; 8% risk of failure)
Confirm with . or Enter, or press ? or * to list all spells.
You turn into a venomous arachnid creature.
The orc warrior hits you with a +0 short sword!
You die...

Skill      XL: |  1  2  3  4  5  6  7  8  9 10 |
---------------+-------------------------------+-----
Poison Magic   | 1 3 4 |  4.2
Transmutations | 3 4 5 |  5.0
Fighting       | 2 3 5 6 |  6.0
Dodging        | 3 4 5 6 7 |  7.0
Unarmed Combat | 4 5 6 7 |  7.0
Spellcasting   | 3 |  3.0
Ice Magic      | 4 |  4.9
Summonings     | 2 3 |  3.0
Evocations     | 1 |  1.3

Action                   |  1- 3 |  4- 6 |  7- 9 | 10-12 || total
-------------------------+-------+-------+-------+-------++-------
Melee: Unarmed           |    78 |    91 |   365 |    43 ||   577
       Constrict         |    22 |    22 |     6 |       ||    50
       Kick              |    12 |    17 |     6 |       ||    35
       Tentacles         |    11 |    13 |     8 |     1 ||    33
       Punch             |     1 |     2 |     1 |       ||     4
 Fire: Hunting sling     |       |    23 |    34 |       ||    57
Throw: Stone             |     9 |    14 |     3 |     1 ||    27
 Cast: Beastly Appendage |    15 |    17 |     5 |       ||    37
       Spider Form       |       |     6 |    46 |     8 ||    60
       Call Imp          |       |       |     3 |       ||     3
Invok: Curse Item        |       |       |     1 |       ||     1
Evoke: Condenser vane    |       |       |       |     1 ||     1
  Use: Scroll            |       |     1 |     8 |       ||     9
       Potion            |       |       |     4 |     2 ||     6
 Stab: Sleeping          |     4 |     1 |     1 |       ||     6
       Confused          |       |       |       |     2 ||     2
Armor: Skin              |     5 |     2 |    18 |     1 ||    26
Dodge: Dodged            |    48 |    76 |   357 |    38 ||   519

Levels and vault maps discovered:
D:1:      dpeg_arrival_fog, layout_basic, minmay_pentomino_p2
D:2:      layout_loops_corners
D:3:      layout_basic, nicolae_dithmenos_shadow_blocks, minmay_goblin_outpost
D:4:      layout_basic, uniq_grinder
D:5:      kennysheep_windowed_halls, layout_loops_ring,
          cheibrodos_ashenzari_chains, serial_glass, glass_columns_b,
          glass_columns_c, minmay_guarded_unrand_staff_of_olgreb
D:6:      layout_loops_ring, kennysheep_mini, grunt_ministairs_5,
          uniq_prince_ribbit1, uniq_edmund
D:7:      layout_loops_corners, lemuel_round_altar, gammafunk_temple_of_torment,
          temple_hall_moat, nicolae_ossuary_entry_monument, wad_mini_maze,
          uniq_duvessa

Notes
Turn   | Place    | Note
-------+----------+-------------------------------------------
     0 | D:1      | aMcNicky the Octopode Transmuter began the quest for the
                  | Orb.
     0 | D:1      | Reached XP level 1. HP: 13/13 MP: 3/3
   302 | D:1      | Reached XP level 2. HP: 16/18 MP: 3/5
  1055 | D:2      | Reached XP level 3. HP: 12/23 MP: 4/6
  1328 | D:2      | Learned a level 3 spell: Spider Form
  1889 | D:2      | Reached skill level 1 in Poison Magic
  1889 | D:2      | Reached XP level 4. HP: 26/28 MP: 4/7
  2384 | D:3      | Found a shadowy altar of Dithmenos.
  3969 | D:4      | Noticed an ogre
  3981 | D:3      | Reached skill level 3 in Transmutations
  4287 | D:4      | Reached XP level 5. HP: 26/34 MP: 6/8
  4505 | D:4      | Reached skill level 2 in Poison Magic
  4850 | D:4      | Noticed Grinder
  4921 | D:4      | Reached skill level 3 in Poison Magic
  4921 | D:4      | Reached XP level 6. HP: 22/39 MP: 5/9
  5085 | D:4      | Reached skill level 4 in Transmutations
  5291 | D:4      | Noticed a sky beast
  5461 | D:3      | Reached skill level 2 in Fighting
  5495 | D:4      | Reached skill level 4 in Poison Magic
  5587 | D:3      | Reached skill level 3 in Dodging
  5587 | D:3      | Reached skill level 4 in Unarmed Combat
  5587 | D:3      | Reached XP level 7. HP: 45/45 MP: 6/11
  5653 | D:4      | Killed Grinder
  5653 | D:4      | Reached skill level 3 in Spellcasting
  5771 | D:4      | Reached skill level 3 in Fighting
  6161 | D:4      | Reached skill level 4 in Dodging
  6161 | D:4      | Reached skill level 5 in Unarmed Combat
  6161 | D:4      | Reached XP level 8. HP: 52/52 MP: 8/12
  6258 | D:5      | Entered Level 5 of the Dungeon
  6286 | D:5      | Found the +9 staff of Olgreb {rPois∞}
  6288 | D:5      | Found a runed translucent door.
  6453 | D:5      | Found a shattered altar of Ashenzari.
  6605 | D:5      | Found a runed translucent gate.
  6611 | D:5      | Found a runed translucent gate.
  6746 | D:5      | Reached skill level 4 in Fighting
  7358 | D:5      | Became a worshipper of Ashenzari the Shackled
  7466 | D:5      | Found a runed translucent gate.
  7474 | D:5      | Found a runed translucent door.
  7708 | D:5      | Reached skill level 5 in Dodging
  7941 | D:5      | Found the +18 shield of the Gong {rElec rN+ MR+ EV-5}
  8090 | D:5      | Reached skill level 6 in Unarmed Combat
  8103 | D:5      | Reached skill level 5 in Fighting
  8191 | D:5      | Reached XP level 9. HP: 41/61 MP: 9/13
  8419 | D:5      | Learned a level 4 spell: Ice Form
  8422 | D:5      | Learned a level 2 spell: Call Imp
  8535 | D:6      | Reached skill level 1 in Ice Magic
  8602 | D:6      | Noticed Edmund
  8648 | D:6      | Reached skill level 6 in Dodging
  8665 | D:6      | Reached skill level 1 in Summonings
  8694 | D:6      | Found a shimmering blue altar of Sif Muna.
  8706 | D:6      | Noticed Prince Ribbit
  8774 | D:6      | Reached skill level 2 in Ice Magic
  9183 | D:6      | Killed Edmund
  9747 | D:6      | Killed Prince Ribbit
  9747 | D:6      | Reached skill level 2 in Summonings
  9747 | D:6      | Reached skill level 3 in Ice Magic
 10006 | D:6      | Identified 2 potions of resistance
 10021 | D:6      | Reached skill level 7 in Unarmed Combat
 10204 | D:6      | Reached skill level 6 in Fighting
 10484 | D:7      | Found a sand-covered staircase.
 10493 | Ossuary  | Entered an ossuary
 10682 | D:7      | Noticed Dowan
 10687 | D:7      | Noticed Duvessa
 10696 | D:7      | Reached skill level 5 in Transmutations
 10703 | D:7      | Killed Duvessa
 10703 | D:7      | Reached skill level 4 in Ice Magic
 10722 | D:7      | Killed Dowan
 10903 | D:7      | Found an ancient bone altar of Kikubaaqudgha.
 10904 | D:7      | Identified the ring of the Death Scarab {rPois rN+}
 10904 | D:7      | Found a basalt altar of Yredelemnul.
 10904 | D:7      | Noticed Menkaure
 10905 | D:7      | Found a transporter.
 10979 | D:7      | Got the great mace of Ifeth {flame, rElec rN+ MR++ Int+2}
 11031 | D:7      | Reached XP level 10. HP: 61/68 MP: 10/14
 11139 | D:7      | Noticed a cyan ugly thing
 11187 | D:7      | Reached skill level 3 in Summonings
 11394 | D:7      | Reached skill level 1 in Evocations
 11423 | D:7      | Learned a level 4 spell: Olgreb's Toxic Radiance
 11493 | D:7      | Found a transporter.
 11614 | D:7      | Found a white marble altar of Elyvilon.
 11671 | D:7      | Reached skill level 7 in Dodging
 11830 | D:7      | Slain by an orc warrior

Vanquished Creatures
  Prince Ribbit (D:6)
  Grinder (D:4)
  2 hippogriffs
  Edmund (D:6)
  Duvessa (D:7)
  A sky beast (D:4)
  2 orc warriors
  2 phantoms (D:5)
  2 black bears
  4 ogres
  2 bullfrogs
  Dowan (D:7)
  2 scorpions (D:4)
  3 howler monkeys
  3 bullfrog zombies
  2 jellies (D:5)
  2 quasits
  4 orc priests
  A centaur skeleton (D:4)
  3 hounds
  3 bullfrog skeletons
  10 orc wizards
  3 iguanas
  6 worker ants
  A hound zombie (D:6)
  A hound skeleton (D:4)
  10 adders
  4 gnolls
  4 white imps
  An ufetubus (D:6)
  An ooze (D:7)
  An adder skeleton (D:5)
  An adder zombie (D:5)
  3 worms
  2 dart slugs
  6 leopard geckos
  14 orcs
  2 giant cockroaches
  9 goblins
  11 hobgoblins
  6 jackals
  9 kobolds
  A quokka (D:6)
  3 ball pythons
  8 bats
  5 frilled lizards
  A giant cockroach zombie (D:5)
  A jackal skeleton (D:6)
  A jackal zombie (D:5)
  2 quokka skeletons
  4 rats
174 creatures vanquished.

Vanquished Creatures (collateral kills)
  An orc (D:6)
1 creature vanquished.

Grand Total: 175 creatures vanquished

Table legend: (Time is in decaauts)
 A = Elapsed time spent in this place.
 B = Non-inter-level travel time spent in this place.
 C = Inter-level travel time spent in this place.
 D = Time resting spent in this place.
 E = Time spent auto-exploring this place.
 F = Levels seen in this place.
 G = Mean time per level.
                   A        B        C        D        E       F      G
               +--------+--------+--------+--------+--------+-----+--------+
         Total |  11796 |  11360 |    436 |   2873 |   5814 |   8 | 1474.5 |
       Dungeon |  11766 |  11330 |    436 |   2873 |   5814 |   7 | 1680.9 |
       Ossuary |     29 |     29 |      0 |      0 |      0 |   1 |   29.0 |
               +--------+--------+--------+--------+--------+-----+--------+

Top non-repeatable levels by time:
     D:3: 2372 daAuts
     D:5: 2148 daAuts
     D:6: 2008 daAuts
     D:4: 1579 daAuts
     D:2: 1409 daAuts
     D:7: 1353 daAuts
     D:1: 894 daAuts
 Ossuary: 29 daAuts

Table legend:
 A = Non-vault XP
 B = Vault XP
 C = Vault XP percentage of total XP
 D = Non-vault monster count
 E = Vault monster count
 F = Vault count percentage of total count
                 A         B        C        D         E       F
            +---------+---------+-------+---------+---------+-------
      Total |    2915 |    2342 |  44.6 |     141 |      34 |  19.4
            +---------+---------+-------+---------+---------+-------
        D:1 |      27 |       2 |   6.9 |      17 |       1 |   5.6
        D:2 |      67 |       0 |   0.0 |      22 |       0 |   0.0
        D:3 |     236 |      10 |   4.1 |      19 |       5 |  20.8
        D:4 |     611 |     249 |  29.0 |      21 |       1 |   4.5
        D:5 |     338 |     864 |  71.9 |      16 |      19 |  54.3
        D:6 |     982 |     701 |  41.7 |      29 |       4 |  12.1
        D:7 |     654 |     516 |  44.1 |      17 |       4 |  19.0
            +---------+---------+-------+---------+---------+-------
